 Dungeon Crawl Stone Soup version 0.21.1-1-g345015f (webtiles) character file.

3308 inc the Unseen (level 9, -11/41 HPs)
             Began as a Felid Enchanter on Feb 25, 2018.
             Was a High Priest of Dithmenos.
             Mangled by a hornet (14 damage)
             ... while paralysed by a hornet
             ... on level 1 of the Swamp on Feb 26, 2018.
             The game lasted 00:32:27 (14040 turns).

inc the Unseen (Felid Enchanter)                   Turns: 14040, Time: 00:32:28

Health: -11/41     AC:  2    Str:  4    XL:     9   Next: 70%
Magic:  10/13      EV:  4    Int: 24    God:    Dithmenos [*****.]
Gold:   977        SH:  0    Dex: 19    Spells: 6/12 levels left
                                        Lives:  0   Deaths: 3

rFire    . . .     SeeInvis +     - Unarmed
rCold    . . .     Gourm    .   (shield unavailable)
rNeg     . . .     Faith    .   (armour unavailable)
rPois    .         Spirit   .   (helmet unavailable)
rElec    .         Reflect  .   (cloak unavailable)
rCorr    .         Harm     .   (gloves unavailable)
MR       +....                  (boots unavailable)
Stlth    ++++++++++             r - amulet of regeneration
HPRegen  0.53/turn              M - +4 ring of intelligence
MPRegen  0.13/turn              m - +2 ring of dexterity

@: paralysed, lethally poisoned (-11 -> -12), slowed, wreathed by umbra, quick
A: very small, no armour, no weapons or thrown items, stealth, claws 1, fangs 3,
see invisible, carnivore, speed 1, shaggy fur 2, slow metabolism 1, sharp paws
a: Shadow Step, Shadow Form, Renounce Religion


You were on level 1 of the Swamp.
You worshipped Dithmenos.
Dithmenos was extremely pleased with you.
You were not hungry.

You visited 4 branches of the dungeon, and saw 16 of its levels.

You collected 977 gold pieces.

Inventory:

Jewellery
 j - an uncursed ring of protection from magic
 m - a +2 ring of dexterity (right paw)
 o - an uncursed ring of see invisible
 r - an amulet of regeneration (around neck)
 s - an uncursed ring of resist corrosion
 w - an uncursed ring of positive energy
 F - an uncursed ring of positive energy
 L - a +2 ring of strength
 M - a +4 ring of intelligence (left paw)
Wands
 t - a wand of iceblast (25)
 v - a wand of polymorph (23)
 y - a wand of acid (17)
 B - a wand of digging (5)
 C - a wand of enslavement (13)
 J - a wand of disintegration (15)
Scrolls
 d - 8 scrolls of remove curse
 n - 3 scrolls of magic mapping
 p - 2 scrolls of amnesia {unknown}
 x - 5 scrolls of teleportation {unknown}
 E - a scroll of enchant weapon {unknown}
 G - 2 scrolls of immolation {unknown}
 H - 2 scrolls of blinking {unknown}
 I - 2 scrolls of fear {unknown}
 N - a scroll of acquirement {unknown}
 P - 2 scrolls of brand weapon {unknown}
 S - a scroll of random uselessness {unknown}
Potions
 c - 2 potions of might
 e - 2 potions of flight
 f - a potion of mutation
 g - 4 potions of degeneration
 h - a potion of lignification
 i - 9 potions of haste
 k - a potion of cancellation
 l - 6 potions of curing
 q - 4 potions of brilliance
 u - 3 potions of heal wounds
 z - a potion of resistance {unknown}
 D - 4 potions of agility
 K - a potion of ambrosia
Books
 a - a book of Maledictions

   Spells                             Type                      Level
   a - Corona                         Hexes                        1
   b - Ensorcelled Hibernation        Hexes/Ice                    2
   c - Confuse                        Hexes                        3
   d - Tukima's Dance                 Hexes                        3
   e - Dazzling Spray                 Conjuration/Hexes            3
 A - the Handbook of the Dislocated Blaze
   (You found it on level 1 of the Swamp)

   Spells                             Type                      Level
   a - Apportation                    Translocation                1
   b - Blink                          Translocation                2
   c - Ignite Poison                  Fire/Transmutation/Poison    3
   d - Lesser Beckoning               Translocation                3
   e - Bolt of Magma                  Conjuration/Fire/Earth       5
 O - a book of Conjurations

   Spells                             Type                      Level
   a - Magic Dart                     Conjuration                  1
   b - Searing Ray                    Conjuration                  2
   c - Dazzling Spray                 Conjuration/Hexes            3
   d - Fulminant Prism                Conjuration/Hexes            4
   e - Force Lance                    Conjuration/Translocation    4
   f - Iskenderun's Mystic Blast      Conjuration                  4
 Q - a book of Changes

   Spells                             Type                      Level
   a - Beastly Appendage              Transmutation                1
   b - Sticks to Snakes               Transmutation                2
   c - Spider Form                    Transmutation/Poison         3
   d - Ice Form                       Ice/Transmutation            4
   e - Blade Hands                    Transmutation                5
 R - a book of Transfigurations

   Spells                             Type                      Level
   a - Irradiate                      Conjuration/Transmutation    5
   b - Statue Form                    Transmutation/Earth          6
   c - Hydra Form                     Transmutation                6
   d - Dragon Form                    Transmutation                7
Comestibles
 b - 35 rations


   Skills:
 - Level 6.2 Fighting
 - Level 6.3 Dodging
 + Level 17.5 Stealth
 - Level 5.1 Unarmed Combat
 - Level 2.0 Spellcasting
 - Level 11.9 Hexes
 - Level 7.2 Ice Magic


You had 6 spell levels left.
You knew the following spells:

 Your Spells              Type           Power        Failure   Level  Hunger
a - Corona                Hex            ######.      1%          1    #......
b - Ensorcelled Hibernat  Hex/Ice        #####.       1%          2    ##.....
c - Confuse               Hex            ######..     1%          3    ###....


Dungeon Overview and Level Annotations

Branches:
Dungeon (10/15)            Temple (1/1) D:5            Lair (4/6) D:8
  Swamp (1/4) Lair:3        Snake (0/4) Lair:3
    Orc: D:9-12

Altars:
Ashenzari
Cheibriados
Dithmenos
Elyvilon
Fedhas
Gozag
Hepliaklqana
Kikubaaqudgha
Makhleb
Nemelex Xobeh
Okawaru
Qazlal
Ru
Sif Muna
Trog
Uskayaw
Vehumet
Wu Jian
Xom
Yredelemnul
Zin
The Shining One

Shops:
D:9 [

Annotations:
D:7 Autsider's ghost, novice DsCK
D:10 Fannar
Lair:3 Rupert
Lair:4 shugdite's ghost, journeyman MiFi


Innate Abilities, Weirdness & Mutations

You cannot wear armour.
You are incapable of wielding weapons or throwing items.
Your paws allow you to move quietly. (Stealth)
You have sharp claws.
You have razor-sharp teeth.
You have supernaturally acute eyesight. (SInv)
You are carnivorous and can eat meat at any time.
You cover ground quickly.
You are covered in thick fur. (AC +2)
You have a slow metabolism.
Your sharp claws are effective at attacking unaware monsters.


Message History

The hornet stings you.
You are poisoned.
You feel yourself slow down.
Casting: Ensorcelled Hibernation
Confirm with . or Enter, or press ? or * to list all spells.
Aiming: Ensorcelled Hibernation
Press: ? - help, Shift-Dir - straight line, f/p - hornet
Aim: a hornet (umbra, chance to defeat MR: 63%)
The hornet looks drowsy...
You feel yourself speed up.
You feel sick. The hornet stings you!
You suddenly lose the ability to move!
The hornet stings you!
You emit a cloud of dark smoke.
You feel yourself slow down. The hornet stings you!
* * * LOW HITPOINT WARNING * * *
You feel as though you will be slow longer.
You feel sick. The hornet stings you.
* * * LOW HITPOINT WARNING * * *
You feel as though you will be slow longer.
The hornet stings you!
You die...

... ........).≈≈♣
.#####.##.#.#..≈..♣♣
.#.....#....#......♣
.#.....#....#......♣
.#.......÷..#..≈≈≈.♣
..######.....≈≈≈...♣
.....#.........≈≈§♣♣
.#....##+##.≈..yy§.♣
.#...#...≈≈≈...≈@y§♣
.#..÷#...≈≈≈.≈§.§§.♣
.#####..≈≈≈≈.≈≈..≈.♣
.. ...≈......≈§.♣♣
♣. ......≈..≈.≈.♣ ♣
.≈............
.♣.≈.≈......♣♣
♣♣♣♣♣♣♣♣♣♣♣♣


You could see 3 hornets.

Vanquished Creatures
  A two-headed ogre (D:9)
  Nergalle (Lair:3)
  Pikel (D:6)
  A shambling mangrove (Swamp:1)
  2 black mambas (Lair:3)
  2 spiny frogs (Lair:3)
  A rime drake (Lair:4)
  3 komodo dragons
  The ghost of shakethe the Chopper, an amateur DsGl (D:3)
  3 blink frogs (Lair:1)
  4 hippogriffs
  A wyvern (Lair:4)
  7 yaks
  4 basilisks
  Edmund (D:6)
  14 water moccasins
  Menkaure (D:7)
  A phantom (D:7)
  12 porcupines
  An orc warrior (D:9)
  3 ice beasts
  3 sky beasts
  3 slaves
  A black bear (D:7)
  2 centaurs
  4 ogres
  4 crocodiles
  11 bullfrogs
  2 big kobolds
  A scorpion (D:4)
  6 killer bees
  2 electric eels (Lair:3)
  A wight (D:10)
  6 howler monkeys
  4 crimson imps
  A bullfrog zombie (D:5)
  5 hounds
  2 quasits (D:9)
  A centaur zombie (D:7)
  5 orc priests
  A jelly (D:7)
  2 bullfrog skeletons
  A gnoll shaman (D:7)
  2 orc wizards
  Ijyb (D:3)
  10 worker ants
  2 iguanas
  2 hound skeletons
  A howler monkey skeleton (D:7)
  11 gnolls
  12 adders
  An ooze (D:4)
  2 adder zombies (D:7)
  An adder skeleton (D:9)
  2 worms
  A dart slug (D:3)
  8 leopard geckos
  18 orcs
  9 bats
  6 giant cockroaches
  7 goblins
  11 hobgoblins
  9 jackals
  4 quokkas
  6 ball pythons
  4 frilled lizards
  14 kobolds
  A quokka skeleton (D:4)
  10 rats
  2 toadstools (D:1)
290 creatures vanquished.

Vanquished Creatures (others)
  2 fungi
  10 plants
  2 toadstools (D:1)
14 creatures vanquished.

Grand Total: 304 creatures vanquished

Notes
Turn   | Place    | Note
-------+----------+-------------------------------------------
     0 | D:1      | inc the Felid Enchanter began the quest for the Orb.
     0 | D:1      | Reached XP level 1. HP: 7/7 MP: 4/4
   272 | D:1      | Reached XP level 2. HP: 9/11 MP: 6/6
  1594 | D:1      | Reached XP level 3. HP: 11/14 MP: 7/7
  1794 | D:1      | Learned a level 2 spell: Ensorcelled Hibernation
  1798 | D:1      | Learned a level 3 spell: Confuse
  3104 | D:2      | Reached XP level 4. HP: 11/18 MP: 1/8
  3118 | D:1      | Reached skill level 5 in Dodging
  3698 | D:2      | Reached XP level 5. HP: 21/21 MP: 0/9
  3937 | D:3      | Noticed shakethe's ghost (amateur DsGl)
  4315 | D:4      | Reached skill level 1 in Fighting
  4326 | D:5      | Entered Level 5 of the Dungeon
  4435 | D:5      | Gained mutation: You are covered in thick fur. (AC +2) [Felid growth]
  4435 | D:5      | Reached XP level 6. HP: 27/27 MP: 0/10
  4568 | D:5      | Found a staircase to the Ecumenical Temple.
  4572 | Temple   | Entered the Ecumenical Temple
  4729 | Temple   | Became a worshipper of Dithmenos the Shadowed
  4936 | D:5      | Reached skill level 5 in Hexes
  4936 | D:5      | Reached skill level 1 in Ice Magic
  5238 | D:5      | Reached XP level 7. HP: 28/31 MP: 9/11
  5542 | D:6      | Noticed Pikel
  5670 | D:5      | Reached skill level 5 in Unarmed Combat
  5967 | D:6      | Reached skill level 5 in Stealth
  5991 | D:6      | Reached * piety under Dithmenos
  6005 | D:6      | Reached skill level 6 in Stealth
  6036 | D:6      | Noticed Edmund
  6123 | D:7      | Reached XP level 8. HP: 34/34 MP: 6/12
  6128 | D:7      | Reached skill level 7 in Stealth
  6150 | D:7      | Reached skill level 8 in Stealth
  6247 | D:7      | Reached skill level 9 in Stealth
  6447 | D:6      | Reached skill level 10 in Stealth
  6449 | D:6      | Found a bloodstained altar of Trog.
  6464 | D:6      | Killed Pikel
  6464 | D:6      | Reached skill level 11 in Stealth
  6466 | D:6      | Reached skill level 12 in Stealth
  6466 | D:6      | Reached XP level 9. HP: 34/37 MP: 2/13
  6738 | D:6      | Killed Edmund
  7239 | D:4      | Reached skill level 13 in Stealth
  7858 | D:3      | Killed shakethe's ghost
  7858 | D:3      | Reached ** piety under Dithmenos
  7879 | D:3      | Noticed Ijyb
  7886 | D:3      | Killed Ijyb
  8426 | D:7      | Found a shattered altar of Ashenzari.
  8475 | D:7      | Found an opulent altar of Gozag.
  8672 | D:7      | Noticed Autsider's ghost (novice DsCK)
  8934 | D:7      | Reached skill level 5 in Fighting
  9131 | D:7      | Noticed Menkaure
  9134 | D:7      | Killed Menkaure
  9639 | D:8      | Reached *** piety under Dithmenos
  9653 | D:8      | Found a staircase to the Lair.
  9747 | D:7      | Found an ornate altar of the Wu Jian Council.
 10051 | D:9      | Reached XP level 10. HP: 45/45 MP: 14/14
 10374 | D:8      | Found a sparkling altar of Nemelex Xobeh.
 10629 | D:9      | Found a radiant altar of Vehumet.
 10677 | D:9      | Noticed a two-headed ogre
 10684 | D:9      | Killed a two-headed ogre
 10684 | D:9      | Reached skill level 5 in Ice Magic
 10720 | D:9      | Reached skill level 10 in Hexes
 10846 | D:9      | Found Fuamep's Armour Shop.
 11234 | D:10     | Entered Level 10 of the Dungeon
 11339 | D:10     | Reached **** piety under Dithmenos
 11355 | D:10     | Noticed Fannar
 11506 | D:10     | Noticed a deep elf mage
 11506 | D:10     | Killed from afar by a deep elf mage
 11507 | D:10     | Reached XP level 9. HP: -8/41 MP: 6/13
 11577 | Lair:1   | Entered Level 1 of the Lair of Beasts
 11577 | Lair:1   | Noticed a komodo dragon
 11583 | Lair:1   | Killed a komodo dragon
 11597 | Lair:1   | Reached XP level 10. HP: 45/45 MP: 14/14
 12463 | Lair:2   | Reached skill level 14 in Stealth
 13255 | Lair:3   | Noticed a black mamba
 13262 | Lair:3   | Killed a black mamba
 13269 | Lair:3   | Found a staircase to the Swamp.
 13345 | Lair:3   | Reached skill level 15 in Stealth
 13355 | Lair:3   | Noticed Rupert
 13416 | Lair:3   | Noticed a spiny frog
 13425 | Lair:3   | Killed a spiny frog
 13425 | Lair:3   | Reached XP level 11. HP: 33/48 MP: 10/15
 13432 | Lair:3   | Noticed Nergalle
 13433 | Lair:3   | Found a staircase to the Snake Pit.
 13441 | Lair:3   | Killed Nergalle
 13441 | Lair:3   | Reached skill level 16 in Stealth
 13677 | Lair:4   | Reached ***** piety under Dithmenos
 13740 | Lair:4   | Reached skill level 17 in Stealth
 13759 | Lair:4   | Noticed a catoblepas
 13764 | Lair:4   | Noticed shugdite's ghost (journeyman MiFi)
 13804 | Lair:4   | Slain by shugdite's ghost
 13805 | Lair:4   | Reached XP level 10. HP: -2/45 MP: 0/14
 13813 | Lair:3   | Noticed a spiny frog
 13818 | Lair:3   | Killed a spiny frog
 13925 | Lair:3   | HP: 1/45 [Rupert/great sword of slicing (12)]
 13925 | Lair:3   | Slain by Rupert
 13926 | Lair:3   | Reached XP level 9. HP: -1/41 MP: 11/13
 13984 | Swamp:1  | Entered Level 1 of the Swamp
 14022 | Swamp:1  | Identified the Handbook of the Dislocated Blaze
 14028 | Swamp:1  | Noticed a shambling mangrove
 14037 | Swamp:1  | Killed a shambling mangrove
 14039 | Swamp:1  | Paralysed by a hornet for 3 turns
 14040 | Swamp:1  | Mangled by a hornet

Skill      XL: |  1  2  3  4  5  6  7  8  9 10 11 |
---------------+----------------------------------+-----
Unarmed Combat | 2 3 5 |  5.1
Dodging        | 4 5 6 |  6.3
Fighting       | 2 3 6 |  6.2
Hexes          | 5 11 10 | 11.9
Ice Magic      | 2 3 7 |  7.2
Stealth        | 6 12 13 15 17 | 17.5
Spellcasting   | |  2.0

Action                   |  1- 3 |  4- 6 |  7- 9 | 10-12 || total
-------------------------+-------+-------+-------+-------++-------
Melee: Unarmed           |   138 |   128 |   235 |   156 ||   657
       Bite              |     3 |     9 |    16 |    10 ||    38
       Punch             |       |       |     5 |     1 ||     6
 Cast: Corona            |     6 |       |     5 |     2 ||    13
       Ensorcelled Hiber |    13 |    43 |    87 |    74 ||   217
       Confuse           |       |     2 |    14 |     8 ||    24
  Use: Scroll            |       |     4 |     5 |     6 ||    15
       Potion            |       |       |     1 |     1 ||     2
 Stab: Sleeping          |    17 |    30 |    75 |    98 ||   220
       Confused          |       |     2 |    12 |     2 ||    16
  Eat: Chunk             |     4 |    16 |     7 |    19 ||    46
       Ration            |       |       |       |     1 ||     1
Armor: Skin              |     8 |       |    11 |     3 ||    22
Dodge: Dodged            |   126 |   123 |   194 |   144 ||   587
